[Event "Titled Tuesday Blitz June 27 Late 2023"]
[White "Pert, Richard G"]
[Black "Gertler, David"]
[WhiteFideId "404748"]
[BlackFideId "2017377"]
[WhiteElo "2525"]
[BlackElo "2289"]
[Result "1-0"]
[Round "6"]
[TimeControl "180+2"]
[Date "2023.06.27"]
[WhiteClock "0:01:26"]
[BlackClock "0:01:22"]
[Board "131"]

1. d4 Nf6 2. Nc3 d5 3. e4 e6 4. Bg5 dxe4 5. Nxe4 Nbd7 6. Nf3 Be7 7. Nxf6+ Nxf6 8. Bd3 O-O 9. Qe2 c5 10. dxc5 Bxc5 11. O-O-O Qe7 12. Ne5 h6 13. Bh4 b6 14. Ng4 Bb7 15. Bxf6 gxf6 16. Nxh6+ Kg7 17. Qg4+ Kh8 18. Nf5 1-0


[Site "https://www.chess.com"]

[Event "Titled Tuesday Blitz June 27 Late 2023"]
[White "Sarkar, Justin"]
[Black "Shapiro, Viktor"]
[WhiteFideId "2010011"]
[BlackFideId "4175700"]
[WhiteElo "2281"]
[BlackElo "2502"]
[Result "0-1"]
[Round "6"]
[TimeControl "180+2"]
[Date "2023.06.27"]
[WhiteClock "0:00:00"]
[BlackClock "0:01:45"]
[Board "132"]

1. e4 c5 2. Nf3 d6 3. d4 cxd4 4. Nxd4 Nf6 5. Nc3 a6 6. g3 e5 7. Nde2 Be6 8. Bg2 Nbd7 9. a4 Rc8 10. O-O Be7 11. h3 O-O 12. g4 Nb6 13. Ng3 d5 14. a5 d4 15. Nce2 Nc4 16. f4 exf4 17. Nxf4 Nxa5 18. e5 Nd5 19. Nxe6 fxe6 20. Rxf8+ Bxf8 21. Kh1 Nc6 22. Ne4 Qc7 23. Ng5 Qxe5 24. Qf3 Nf6 0-1


[Site "https://www.chess.com"]

[Event "Titled Tuesday Blitz June 27 Late 2023"]
[White "Sai Han Thiha"]
[Black "Kostiukov, Alexandr"]
[WhiteFideId "13012290"]
[BlackFideId "14108100"]
[WhiteElo "2486"]
[BlackElo "2275"]
[Result "0-1"]
[Round "6"]
[TimeControl "180+2"]
[Date "2023.06.27"]
[WhiteClock "0:00:16"]
[BlackClock "0:00:09"]
[Board "133"]

1. d4 g6 2. e4 Bg7 3. c4 d6 4. Nc3 e5 5. Nf3 exd4 6. Nxd4 Nc6 7. Be3 Nge7 8. Be2 O-O 9. O-O f5 10. exf5 Bxd4 11. Bxd4 Nxf5 12. Be3 Nxe3 13. fxe3 Rxf1+ 14. Qxf1 Be6 15. Rd1 Qg5 16. Qf4 Qe7 17. Rf1 Rf8 18. Qxf8+ Qxf8 19. Rxf8+ Kxf8 20. b3 a6 21. Bf3 Nd8 22. Kf2 Ke7 23. h4 c6 24. Ne2 Nf7 25. Nf4 Ne5 26. Be2 Bg4 27. Kf1 Bxe2+ 28. Kxe2 Kf6 29. e4 h6 30. Ke3 g5 31. hxg5+ hxg5 32. Nh5+ Kg6 33. Ng3 Ng4+ 34. Kf3 Ne5+ 35. Ke3 Ng4+ 36. Kd4 Kf6 37. Nf5 Ke6 38. Ng7+ Kf7 39. Nh5 c5+ 40. Kd5 Ke7 41. g3 Ne3# 0-1


[Site "https://www.chess.com"]

[Event "Titled Tuesday Blitz June 27 Late 2023"]
[White "Toncheva, Nadya"]
[Black "Vaglio Munoz, Jaime"]
[WhiteFideId "2924056"]
[BlackFideId "6500145"]
[WhiteElo "2480"]
[BlackElo "2274"]
[Result "0-1"]
[Round "6"]
[TimeControl "180+2"]
[Date "2023.06.27"]
[WhiteClock "0:00:07"]
[BlackClock "0:00:05"]
[Board "134"]

1. e4 c5 2. c3 Qa5 3. Nf3 Nc6 4. Be2 Nf6 5. e5 Ng4 6. O-O Ngxe5 7. Nxe5 Nxe5 8. d4 Nc6 9. d5 Ne5 10. f4 Ng6 11. c4 d6 12. Nc3 a6 13. Bd2 Qc7 14. a3 Nh4 15. Ne4 Nf5 16. b4 b6 17. bxc5 bxc5 18. Qe1 g6 19. Bc3 Bg7 20. Bxg7 Nxg7 21. g4 O-O 22. Qc3 h5 23. gxh5 Nxh5 24. f5 Nf6 25. Nxf6+ exf6 26. fxg6 fxg6 27. Rxf6 Bf5 28. Rf1 Qe7 29. Rxf8+ Rxf8 30. Bd1 Qg5+ 31. Qg3 Qd2 32. Qf4 Qxf4 33. Rxf4 Rb8 34. Kf2 Rb2+ 35. Kg3 Rd2 36. Bf3 Kg7 37. h4 Ra2 38. h5 Rxa3 39. hxg6 Bxg6 40. Kh4 Rc3 41. Kg5 Bf7 42. Rf6 Rc1 43. Bg4 Rg1 44. Rxd6 Be8 45. Rg6+ Bxg6 46. d6 Be8 47. Kf4 Rxg4+ 48. Kxg4 Kf6 49. Kf4 Ke6 50. Ke4 Kxd6 51. Kd3 a5 52. Kc3 a4 53. Kd3 Ke5 54. Kc3 Ke4 55. Kc2 Kd4 56. Kb2 Kxc4 57. Ka3 Kd3 58. Kb2 c4 59. Kc1 c3 60. Kb1 Kd2 61. Ka1 c2 62. Ka2 Bf7+ 0-1


[Site "https://www.chess.com"]

[Event "Titled Tuesday Blitz June 27 Late 2023"]
[White "Urbina Perez, Juan Antonio"]
[Black "Li, Eric"]
[WhiteFideId "2217368"]
[BlackFideId "30939941"]
[WhiteElo "2458"]
[BlackElo "2258"]
[Result "1-0"]
[Round "6"]
[TimeControl "180+2"]
[Date "2023.06.27"]
[WhiteClock "0:00:54"]
[BlackClock "0:00:18"]
[Board "135"]

1. e4 c5 2. Nf3 Nc6 3. d4 cxd4 4. Nxd4 g6 5. Nxc6 bxc6 6. Qd4 f6 7. Bc4 Bg7 8. O-O e6 9. Nc3 d5 10. exd5 cxd5 11. Nxd5 exd5 12. Bxd5 Ne7 13. Re1 Rb8 14. Bf4 Rb6 15. Qc4 Ba6 16. Qa4+ Qd7 17. Bf7+ Kd8 18. Rad1 Bc8 19. Rxd7+ Bxd7 20. Qxa7 Nd5 21. Bxd5 Be6 22. Qxb6+ 1-0


[Site "https://www.chess.com"]

[Event "Titled Tuesday Blitz June 27 Late 2023"]
[White "nicolasulaneobelassi"]
[Black "Cluke86"]
[WhiteElo "2426"]
[BlackElo "2250"]
[Result "0-1"]
[Round "6"]
[TimeControl "180+2"]
[Date "2023.06.27"]
[WhiteClock "0:00:17"]
[BlackClock "0:00:42"]
[Board "136"]

1. e4 d6 2. d4 Nf6 3. Nc3 e5 4. Nf3 Nbd7 5. Be2 Be7 6. h3 c6 7. a4 Qc7 8. a5 h6 9. Be3 g5 10. Nd2 Nf8 11. Nc4 Ng6 12. g3 Be6 13. Qd2 Nxe4 14. Nxe4 d5 15. dxe5 dxc4 16. Nd6+ Kf8 17. Bxc4 Nxe5 18. Bxe6 Nf3+ 19. Ke2 Nxd2 20. Nxf7 Rh7 21. Kxd2 Rxf7 22. Bxf7 Kxf7 23. f4 Rd8+ 24. Ke2 c5 25. Rhf1 Kg6 26. Ra4 Qc6 27. f5+ Kf7 28. Rg4 Qg2+ 29. Rf2 Qxh3 30. Kf3 Qh1+ 31. Rg2 Rd1 32. f6 Bd6 33. Bf2 Rd2 34. Re4 Rxc2 35. g4 Kxf6 36. Bg3 Qxg2+ 0-1


[Site "https://www.chess.com"]

[Event "Titled Tuesday Blitz June 27 Late 2023"]
[White "Haitin, Ilja"]
[Black "Broca Jimenez, Fernando"]
[WhiteFideId "4501764"]
[BlackFideId "5104742"]
[WhiteElo "2392"]
[BlackElo "2226"]
[Result "0-1"]
[Round "6"]
[TimeControl "180+2"]
[Date "2023.06.27"]
[WhiteClock "0:00:01"]
[BlackClock "0:00:09"]
[Board "137"]

1. d4 b6 2. e4 Bb7 3. Bd3 e6 4. Qe2 Nf6 5. Nc3 Bb4 6. Nf3 d5 7. e5 Nfd7 8. O-O c5 9. Bg5 Qc8 10. Nb5 cxd4 11. Nfxd4 a6 12. Nd6+ Bxd6 13. exd6 O-O 14. Nxe6 fxe6 15. Qxe6+ Kh8 16. Be7 Nf6 17. Qe5 Nc6 18. Qg5 Nxe7 19. dxe7 Re8 20. Rae1 Qc7 21. Re3 Rxe7 22. Rh3 Qe5 23. Qh4 h6 24. Re3 Qd6 25. Rg3 Rae8 26. Rg6 Qe5 27. h3 d4 28. a3 Be4 29. Bxa6 Bxg6 0-1


[Site "https://www.chess.com"]

[Event "Titled Tuesday Blitz June 27 Late 2023"]
[White "Vila Dupla, Aurelio"]
[Black "Lopez Del Alamo, Antonio"]
[WhiteFideId "2203383"]
[BlackFideId "2227339"]
[WhiteElo "2195"]
[BlackElo "2362"]
[Result "0-1"]
[Round "6"]
[TimeControl "180+2"]
[Date "2023.06.27"]
[WhiteClock "0:00:00"]
[BlackClock "0:00:19"]
[Board "138"]

1. Nf3 Nf6 2. d4 g6 3. g3 Bg7 4. Bg2 O-O 5. O-O d6 6. c4 c6 7. Nc3 Qa5 8. e4 e5 9. h3 exd4 10. Nxd4 Nbd7 11. Qe2 Re8 12. Be3 Nc5 13. Nb3 Nxb3 14. axb3 Qc7 15. Bd4 a6 16. f4 Bd7 17. Rad1 c5 18. Bf2 Bc6 19. Qc2 b5 20. Nd5 Bxd5 21. cxd5 Nd7 22. h4 Rec8 23. h5 c4 24. hxg6 hxg6 25. Bd4 cxb3 26. Qxb3 Qc4 27. Qxc4 Rxc4 28. Bxg7 Kxg7 29. Rfe1 Rac8 30. e5 Nc5 31. e6 Kf6 32. exf7 Kxf7 33. Bh3 Rc2 34. Bxc8 Rxb2 35. Be6+ Kf6 36. Ra1 b4 37. Reb1 Rxb1+ 38. Rxb1 a5 39. Bg4 b3 40. Be2 a4 41. Bc4 Kf5 42. Kf2 Ke4 43. Ke2 Kd4 44. Bxb3 axb3 45. g4 Kc3 46. f5 gxf5 47. g5 Kc2 48. Rxb3 Kxb3 49. g6 Ne4 50. g7 Nf6 51. Ke3 Kc4 52. Kf4 Kxd5 53. Kxf5 Ng8 54. Kg6 Ke6 55. Kh7 Ne7 0-1


[Site "https://www.chess.com"]

[Event "Titled Tuesday Blitz June 27 Late 2023"]
[White "Wendt, Jan-Dietrich"]
[Black "Waldo Zalapa, Alejandro"]
[WhiteFideId "4623797"]
[BlackFideId "5106109"]
[WhiteElo "2352"]
[BlackElo "2166"]
[Result "1-0"]
[Round "6"]
[TimeControl "180+2"]
[Date "2023.06.27"]
[WhiteClock "0:00:19"]
[BlackClock "0:00:18"]
[Board "139"]

1. Nf3 d5 2. c4 dxc4 3. e3 Nf6 4. Bxc4 Bf5 5. Qb3 e6 6. Qxb7 Nbd7 7. d4 Bd6 8. Nc3 O-O 9. O-O Nb6 10. Bb3 Bb4 11. Bd2 Bxc3 12. Bxc3 Be4 13. Qa6 Bxf3 14. gxf3 Nfd5 15. Qe2 Qh4 16. f4 f5 17. Kh1 Rf6 18. Rg1 Kf7 19. Rg2 Rg6 20. Rag1 Nf6 21. f3 Rd8 22. Be1 Qh5 23. Rg5 Qh6 24. Rxf5 Rxg1+ 25. Kxg1 Qg6+ 26. Rg5 Qb1 27. Kf2 h6 28. Re5 Nbd5 29. f5 exf5 30. e4 fxe4 31. fxe4 c6 32. exd5 cxd5 33. Kg2 Qg6+ 34. Bg3 Qg4 35. Re7+ Kf8 36. Qxg4 Nxg4 37. Rxa7 Ne3+ 38. Kf3 Nf5 39. Be5 g5 40. Bc2 Nh4+ 41. Kg4 Rb8 42. Bxb8 1-0


[Site "https://www.chess.com"]

[Event "Titled Tuesday Blitz June 27 Late 2023"]
[White "micke12a"]
[Black "campochess"]
[WhiteElo "2344"]
[BlackElo "2163"]
[Result "1-0"]
[Round "6"]
[TimeControl "180+2"]
[Date "2023.06.27"]
[WhiteClock "0:02:10"]
[BlackClock "0:01:40"]
[Board "140"]

1. e4 c5 2. Nf3 Nc6 3. d4 cxd4 4. Nxd4 e5 5. Nb5 a6 6. Nd6+ Bxd6 7. Qxd6 Qe7 8. Qd1 Nf6 9. Nc3 d6 10. Bg5 Be6 11. Qd2 Rd8 12. O-O-O O-O 13. f3 Nd4 14. Be3 d5 15. exd5 Nxd5 16. Bxd4 exd4 17. Qxd4 Nb4 18. Qe3 Rxd1+ 19. Kxd1 Rd8+ 20. Kc1 Qd6 21. Be2 Nxa2+ 22. Nxa2 Bxa2 23. Rd1 Qc7 24. Rxd8+ Qxd8 25. b3 h6 26. Kb2 Qc7 27. Bd3 Bxb3 28. Qe8# 1-0


[Site "https://www.chess.com"]

[Event "Titled Tuesday Blitz June 27 Late 2023"]
[White "Ng, Matthew K"]
[Black "Kujawski, Adam"]
[WhiteFideId "2094371"]
[BlackFideId "1100920"]
[WhiteElo "2154"]
[BlackElo "2339"]
[Result "0-1"]
[Round "6"]
[TimeControl "180+2"]
[Date "2023.06.27"]
[WhiteClock "0:00:00"]
[BlackClock "0:00:03"]
[Board "141"]

1. e4 e5 2. Nf3 Nc6 3. Bc4 Nf6 4. d3 d5 5. exd5 Nxd5 6. O-O Nb6 7. Bb3 Bg4 8. h3 Bh5 9. c3 Qe7 10. Nbd2 O-O-O 11. Qc2 Kb8 12. a4 a5 13. Re1 f6 14. Ba2 Qd7 15. Bb1 Bg6 16. Ne4 Nd5 17. Be3 Nxe3 18. fxe3 Bxe4 19. dxe4 Bc5 20. Ba2 Ne7 21. Rad1 Qc6 22. Kf2 Bb6 23. Nh4 Kc8 24. Nf5 Nxf5 25. exf5 Qc5 26. Be6+ Kb8 27. Re2 c6 28. Rb1 g6 29. Qe4 gxf5 30. Bxf5 Rd6 31. b4 Qd5 32. Qxd5 cxd5 33. bxa5 Bxa5 34. Rb3 Ka7 35. Reb2 b6 36. Bd3 e4 37. Bb5 f5 38. Rc2 Rf8 39. Kg3 Rg6+ 40. Kf4 Rh6 41. Rbb2 Rh4+ 42. Ke5 f4 43. exf4 Rhxf4 44. Kxd5 R4f5+ 45. Kxe4 Rc5 46. Kd3 Rd8+ 47. Ke3 Bxc3 0-1


[Site "https://www.chess.com"]

[Event "Titled Tuesday Blitz June 27 Late 2023"]
[White "Brown, Raehanna"]
[Black "Roman, Rodrigo"]
[WhiteFideId "7402740"]
[BlackFideId "3701220"]
[WhiteElo "2143"]
[BlackElo "2338"]
[Result "1-0"]
[Round "6"]
[TimeControl "180+2"]
[Date "2023.06.27"]
[WhiteClock "0:00:18"]
[BlackClock "0:00:26"]
[Board "142"]

1. c4 e5 2. Nc3 Nf6 3. Nf3 Nc6 4. g3 Bb4 5. Bg2 O-O 6. O-O d5 7. cxd5 Nxd5 8. Nxe5 Nxe5 9. Nxd5 Bd6 10. d4 Nc4 11. b3 Nb6 12. Nxb6 axb6 13. Bb2 Re8 14. e4 c6 15. Kh1 Bd7 16. f4 Ba3 17. Bc3 Qc7 18. f5 Rad8 19. Qg4 Bc8 20. Rad1 Bf8 21. Qg5 f6 22. Qg4 Qf7 23. Rf2 b5 24. d5 cxd5 25. exd5 Bc5 26. Rfd2 b4 27. Bxb4 Bxb4 28. Qxb4 Bxf5 29. d6 Re5 30. d7 Rxd7 31. Rxd7 Bxd7 32. Qxb7 Be8 33. Bd5 Rxd5 34. Qxd5 Qxd5+ 35. Rxd5 Kf7 36. Rc5 Ke7 37. Rc7+ Bd7 38. Kg1 Kd6 39. Rc2 g5 40. Rd2+ Ke6 41. Kf2 f5 42. Ke3 Bc6 43. Rc2 Be4 44. Rc5 h5 45. a4 Kd6 46. Rc4 h4 47. gxh4 Bd5 48. Rd4 gxh4 49. b4 Ke6 50. Rxd5 Kxd5 51. Kf4 Kc4 52. a5 Kb5 53. Kxf5 Ka6 54. Kg4 Kb5 55. Kxh4 Ka6 56. Kg5 Kb5 57. h4 Ka6 58. h5 Kb5 59. h6 Ka6 60. h7 Kb5 61. h8=Q Ka6 62. Qa8+ Kb5 63. Qb7+ Ka4 64. a6 Kb3 65. a7 Ka4 66. a8=Q+ Kb3 67. Qf3+ Kc4 68. Qac6+ Kd4 69. Qcd5# 1-0


[Site "https://www.chess.com"]

[Event "Titled Tuesday Blitz June 27 Late 2023"]
[White "Ricaurte Lopez, Juan Carlos"]
[Black "The_Straightforward_Rook"]
[WhiteFideId "3600327"]
[WhiteElo "2115"]
[BlackElo "2335"]
[Result "0-1"]
[Round "6"]
[TimeControl "180+2"]
[Date "2023.06.27"]
[WhiteClock "0:00:24"]
[BlackClock "0:01:31"]
[Board "143"]

1. e4 c5 2. d4 cxd4 3. c3 dxc3 4. Nxc3 Nc6 5. Bc4 d6 6. Nf3 a6 7. O-O Nf6 8. e5 dxe5 9. Qxd8+ Nxd8 10. Nxe5 e6 11. a4 Bd6 12. Nf3 O-O 13. a5 Nc6 14. Be3 Bb4 15. Bb6 Bd7 16. Rfd1 Rfc8 17. Ne4 Nxe4 18. Rxd7 Bxa5 19. Rxb7 Nd6 20. Bxa5 Nxa5 0-1


[Site "https://www.chess.com"]

[Event "Titled Tuesday Blitz June 27 Late 2023"]
[White "Torres Dominguez, David"]
[Black "Szente Varga, Fruzsina"]
[WhiteFideId "2220857"]
[BlackFideId "712264"]
[WhiteElo "2103"]
[BlackElo "2333"]
[Result "1-0"]
[Round "6"]
[TimeControl "180+2"]
[Date "2023.06.27"]
[WhiteClock "0:01:31"]
[BlackClock "0:00:55"]
[Board "144"]

1. e4 Nf6 2. Nc3 d5 3. d3 dxe4 4. Nxe4 Nxe4 5. dxe4 Qxd1+ 6. Kxd1 e5 7. Be3 Nc6 8. c3 Be6 9. Kc2 O-O-O 10. Nf3 f6 11. Nd2 f5 12. f3 f4 13. Bf2 Be7 14. b3 Rd7 15. Bc4 Bxc4 16. Nxc4 b5 17. Nd2 Rhd8 18. Rhd1 b4 19. c4 Nd4+ 20. Bxd4 Rxd4 21. Nf1 g5 22. Rxd4 Rxd4 23. Rd1 Bc5 24. Rd3 h5 25. h3 Kd7 26. g4 hxg4 27. fxg4 Kd6 28. Nh2 Kc6 29. Rxd4 Bxd4 30. Nf3 Bf2 31. Nxe5+ Kc5 32. Nd3+ Kd4 33. Nxf2 c5 34. Kd2 a6 35. Ke2 a5 36. Kd2 Ke5 37. Kd3 Ke6 38. Nd1 Ke5 39. Nb2 Ke6 40. Na4 Kd6 41. Nb6 Ke5 42. Nd5 Kd6 43. Nf6 Ke5 44. Nh7 f3 45. Nxg5 f2 46. Ke2 Kf4 47. Kxf2 Kxg5 48. Kg3 Kf6 49. Kf4 Ke6 50. h4 1-0


[Site "https://www.chess.com"]

[Event "Titled Tuesday Blitz June 27 Late 2023"]
[White "el_sporco"]
[Black "Bongo Akanga Ndjila, Barthelemy"]
[BlackFideId "10609431"]
[WhiteElo "2324"]
[BlackElo "2084"]
[Result "1-0"]
[Round "6"]
[TimeControl "180+2"]
[Date "2023.06.27"]
[WhiteClock "0:01:24"]
[BlackClock "0:00:39"]
[Board "145"]

1. e4 c6 2. d4 d5 3. Nd2 dxe4 4. Nxe4 Nf6 5. Nxf6+ gxf6 6. c3 h5 7. g3 Bg4 8. Be2 Bxe2 9. Qxe2 e6 10. Nf3 Bd6 11. Bd2 Nd7 12. O-O-O Qa5 13. Kb1 Qf5+ 14. Ka1 O-O-O 15. Nh4 Qd5 16. Qf3 Qc4 17. b3 Qa6 18. Rhe1 f5 19. Qe2 Qb6 20. Nf3 f4 21. Bxf4 Bxf4 22. gxf4 Nf6 23. c4 c5 24. Qe5 Nd7 25. Qe3 cxd4 26. Qxd4 Nc5 27. Qb2 Nd3 28. Rxd3 Rxd3 29. Qxh8+ Rd8 30. Qb2 Qc6 31. Qe2 Qc5 32. Qe3 Qb4 33. Kb2 a5 34. Qc3 Qc5 35. Qe3 Qb4 36. Re2 a4 37. a3 Qb5 38. cxb5 1-0


[Site "https://www.chess.com"]

[Event "Titled Tuesday Blitz June 27 Late 2023"]
[White "Dmitriev, Sergey"]
[Black "Gerbelli Neto, Eduardo"]
[WhiteFideId "14101785"]
[BlackFideId "2103281"]
[WhiteElo "1948"]
[BlackElo "2308"]
[Result "1/2-1/2"]
[Round "6"]
[TimeControl "180+2"]
[Date "2023.06.27"]
[WhiteClock "0:01:23"]
[BlackClock "0:00:32"]
[Board "146"]

1. d4 d5 2. Nf3 Nf6 3. Bf4 Bf5 4. h3 e6 5. e3 c5 6. c3 Nc6 7. Bd3 Bxd3 8. Qxd3 Be7 9. O-O O-O 10. Nbd2 c4 11. Qe2 b5 12. e4 Nxe4 13. Nxe4 dxe4 14. Qxe4 Qd5 15. Qe2 a5 16. Ne5 Bf6 17. Nxc6 Qxc6 18. Be5 Bxe5 19. Qxe5 Rfd8 20. Rae1 Rd5 21. Qf4 b4 22. Re5 Rad8 23. Rfe1 Rxe5 24. Rxe5 bxc3 25. bxc3 Qa4 26. Qd2 Rd5 27. Rxd5 exd5 28. Qg5 Qd7 29. Qe5 h6 30. Qb8+ Kh7 31. Qa8 Qb5 32. Qc8 Qb1+ 33. Kh2 a4 34. Qd7 Qe4 35. Qxf7 a3 36. Qf3 Qc2 37. Qxd5 Qxa2 38. Qe4+ Kg8 39. Qe6+ Kh7 40. Qf5+ Kg8 41. Qe6+ Kh7 42. Qf5+ Kg8 43. Qe6+ 1/2-1/2


[Site "https://www.chess.com"]

[Event "Titled Tuesday Blitz June 27 Late 2023"]
[White "Bullen, Alex"]
[Black "Aqib Javaid Butt"]
[WhiteFideId "1801627"]
[BlackFideId "7801262"]
[WhiteElo "2254"]
[BlackElo "2029"]
[Result "1-0"]
[Round "6"]
[TimeControl "180+2"]
[Date "2023.06.27"]
[WhiteClock "0:02:45"]
[BlackClock "0:02:10"]
[Board "147"]

1. d4 d6 2. e4 g6 3. Nf3 Bg7 4. Nc3 Nd7 5. Bc4 e6 6. h4 Ne7 7. h5 a6 8. hxg6 hxg6 9. Rxh8+ Bxh8 10. Ng5 b5 11. Bxe6 Bf6 12. Nxf7 1-0


[Site "https://www.chess.com"]

[Event "Titled Tuesday Blitz June 27 Late 2023"]
[White "Kohler, Aran"]
[Black "Allam, Yara"]
[WhiteFideId "1002856"]
[BlackFideId "10615709"]
[WhiteElo "2251"]
[BlackElo "2067"]
[Result "1-0"]
[Round "6"]
[TimeControl "180+2"]
[Date "2023.06.27"]
[WhiteClock "0:00:04"]
[BlackClock "0:00:00"]
[Board "148"]

1. d4 d5 2. Bf4 Nf6 3. e3 c5 4. c3 Nc6 5. Nd2 Bf5 6. h3 h6 7. Ngf3 e6 8. Bb5 Bd6 9. Bxd6 Qxd6 10. Ne5 O-O 11. Bxc6 bxc6 12. O-O Nd7 13. f4 f6 14. Ng4 Bd3 15. Rf3 e5 16. fxe5 fxe5 17. Rxf8+ Rxf8 18. Nf2 Bg6 19. Qg4 exd4 20. exd4 cxd4 21. Qxd4 c5 22. Qa4 a6 23. Nf3 Nf6 24. Rd1 Qe6 25. Re1 Ne4 26. Nxe4 dxe4 27. Nd2 Qd5 28. Qc4 Qxc4 29. Nxc4 Rd8 30. Re2 Bf5 31. Ne3 Be6 32. b3 Rd3 33. c4 Bf7 34. Kf2 Bg6 35. g4 Be8 36. Kg3 Kf7 37. Kf4 Bc6 38. h4 Ke6 39. g5 h5 40. Kg3 g6 41. Kf2 Ke5 42. Nf1 Kf4 43. Kg2 Rf3 44. Nh2 Rd3 45. Rf2+ Ke5 46. Nf1 e3+ 47. Rf3 Bxf3+ 48. Kxf3 Kd4 49. Ke2 Rc3 50. Ng3 Rc2+ 51. Kf3 Rxa2 52. Ne2+ Kd3 53. Nf4+ Kc3 54. Kxe3 Kxb3 55. Nxg6 Kxc4 56. Nf4 Ra3+ 57. Kf2 Kd4 58. g6 Rb3 59. g7 Rb8 60. Ne6+ Ke5 61. Nf8 Kf6 62. g8=Q 1-0


[Site "https://www.chess.com"]

[Event "Titled Tuesday Blitz June 27 Late 2023"]
[White "Hartikainen, Jarmo"]
[Black "NtcPou"]
[WhiteFideId "503134"]
[WhiteElo "2149"]
[BlackElo "1972"]
[Result "1-0"]
[Round "6"]
[TimeControl "180+2"]
[Date "2023.06.27"]
[WhiteClock "0:00:53"]
[BlackClock "0:01:39"]
[Board "149"]

1. e4 c6 2. d4 d5 3. Nc3 dxe4 4. Nxe4 Bf5 5. Ng3 Bg6 6. h4 h6 7. Bc4 Nf6 8. N1e2 e6 9. Nf4 Bh7 10. O-O Bd6 11. Nxe6 fxe6 12. Bxe6 Bg8 13. Bxg8 Rxg8 14. Re1+ Kf7 15. c4 Nbd7 16. Qf3 Re8 17. Bd2 Kg8 18. a3 Qc7 19. Nf5 Rxe1+ 20. Rxe1 Rf8 21. c5 Bh2+ 22. Kh1 Nd5 23. Qg4 Kh7 24. Qxg7# 1-0


[Site "https://www.chess.com"]

[Event "Titled Tuesday Blitz June 27 Late 2023"]
[White "Howell, David W L"]
[Black "Alberto, Manuel"]
[WhiteFideId "410608"]
[BlackFideId "10100148"]
[WhiteElo "3002"]
[BlackElo "2004"]
[Result "1-0"]
[Round "6"]
[TimeControl "180+2"]
[Date "2023.06.27"]
[WhiteClock "0:02:12"]
[BlackClock "0:00:00"]
[Board "150"]

1. e4 c5 2. Nf3 d6 3. d4 cxd4 4. Qxd4 Nc6 5. Qe3 Nf6 6. h3 g6 7. c4 Bg7 8. Nc3 O-O 9. Be2 a6 10. O-O Bd7 11. Rd1 Rc8 12. Bd2 Qe8 13. Rac1 Be6 14. b3 h6 15. Nd5 Nd7 16. Bc3 Nce5 17. Nd4 Nc5 18. f4 Nc6 19. Bf3 Nxd4 20. Bxd4 b5 21. Bxg7 1-0


[Site "https://www.chess.com"]

[Event "Titled Tuesday Blitz June 27 Late 2023"]
[White "Campos, Maria Jose"]
[Black "Winkels, Marcel"]
[WhiteFideId "146803"]
[BlackFideId "1003887"]
[WhiteElo "2361"]
[BlackElo "2082"]
[Result "1-0"]
[Round "6"]
[TimeControl "180+2"]
[Date "2023.06.27"]
[WhiteClock "0:00:16"]
[BlackClock "0:00:00"]
[Board "151"]

1. c4 e6 2. g3 Nf6 3. Bg2 c5 4. Nf3 Be7 5. O-O b6 6. d4 Bb7 7. Nc3 cxd4 8. Qxd4 a6 9. Rd1 d6 10. Bg5 Nbd7 11. Rac1 O-O 12. b3 Rc8 13. Qf4 Qc7 14. e4 Ne5 15. Bxf6 Bxf6 16. Qe3 Rfd8 17. h3 h6 18. Nd4 Nd7 19. Nce2 Qb8 20. f3 e5 21. Nf5 Bg5 22. Qf2 Bxc1 23. Nxc1 Re8 24. Nxd6 Nc5 25. Nxc8 Rxc8 26. Ne2 Rd8 27. Nc3 Rxd1+ 28. Nxd1 Qd6 29. Qe2 Nd3 30. Ne3 Nc5 31. Nf5 Qd3 32. Qxd3 Nxd3 33. Nd6 Bc6 34. Nc8 b5 35. Ne7+ 1-0


[Site "https://www.chess.com"]

[Event "Titled Tuesday Blitz June 27 Late 2023"]
[White "Gyulamiryan-koryun"]
[Black "Bulgurlu, Okan"]
[BlackFideId "6352316"]
[WhiteElo "2076"]
[BlackElo "2289"]
[Result "0-1"]
[Round "6"]
[TimeControl "180+2"]
[Date "2023.06.27"]
[WhiteClock "0:00:09"]
[BlackClock "0:00:13"]
[Board "152"]

1. e4 e5 2. f4 exf4 3. Nf3 d5 4. e5 c5 5. Be2 Nc6 6. O-O Nh6 7. d3 g5 8. h4 gxh4 9. Bxf4 Rg8 10. Qd2 Nf5 11. Bg5 Be7 12. Bxe7 Qxe7 13. Nc3 Be6 14. Nb5 h3 15. Rf2 O-O-O 16. Qf4 Rg6 17. g4 Rdg8 18. Nh2 h5 19. Nd6+ Nxd6 20. exd6 Qh4 21. Kh1 hxg4 22. Bxg4 Rxg4 23. Nxg4 Rxg4 24. Qf6 Qg3 25. Rh2 d4 26. d7+ Kxd7 27. Re2 Bd5+ 28. Re4 Qg2# 0-1


[Site "https://www.chess.com"]

[Event "Titled Tuesday Blitz June 27 Late 2023"]
[White "Shubin, Daniel"]
[Black "Blackwhite017"]
[WhiteFideId "30936470"]
[WhiteElo "2232"]
[BlackElo "2074"]
[Result "1-0"]
[Round "6"]
[TimeControl "180+2"]
[Date "2023.06.27"]
[WhiteClock "0:02:04"]
[BlackClock "0:01:55"]
[Board "153"]

1. e4 c5 2. Nf3 d6 3. d4 cxd4 4. Nxd4 Nf6 5. Nc3 g6 6. Be3 Bg7 7. Bc4 O-O 8. h3 Nbd7 9. Bb3 a6 10. O-O b5 11. Nc6 Qe8 12. Nd5 Nxd5 13. Bxd5 Nf6 14. Nxe7+ Qxe7 15. Bxa8 Nxe4 16. Bxe4 Qxe4 17. Qxd6 Bb7 18. Qg3 Be5 19. Qf3 1-0


[Site "https://www.chess.com"]

[Event "Titled Tuesday Blitz June 27 Late 2023"]
[White "Vasquez Garrido, Nuremberg"]
[Black "Powell, Paul"]
[WhiteFideId "4432118"]
[BlackFideId "2005840"]
[WhiteElo "2053"]
[BlackElo "2183"]
[Result "1-0"]
[Round "6"]
[TimeControl "180+2"]
[Date "2023.06.27"]
[WhiteClock "0:00:38"]
[BlackClock "0:00:00"]
[Board "154"]

1. d4 Nf6 2. Nf3 d5 3. e3 e6 4. Bd3 Be7 5. Ne5 Nbd7 6. f4 c5 7. c3 O-O 8. Nd2 Re8 9. Qf3 b6 10. O-O Bb7 11. g4 Nf8 12. h4 N6d7 13. g5 f6 14. Ng4 fxg5 15. fxg5 Bxg5 16. hxg5 Qxg5 17. Qf4 Qxf4 18. exf4 Kf7 19. Nf3 Ke7 20. Bd2 Nf6 21. Nxf6 gxf6 22. Rae1 Kd6 23. f5 Nd7 24. Bf4+ Kc6 25. fxe6 Rg8+ 26. Kf2 Nf8 27. a4 a6 28. e7 Ng6 29. Re6+ Kd7 30. Rxf6 1-0


[Site "https://www.chess.com"]

[Event "Titled Tuesday Blitz June 27 Late 2023"]
[White "Ottosen, David"]
[Black "Cardenas Carbajal, Nilson"]
[WhiteFideId "2603080"]
[BlackFideId "8401128"]
[WhiteElo "2023"]
[BlackElo "2112"]
[Result "1-0"]
[Round "6"]
[TimeControl "180+2"]
[Date "2023.06.27"]
[WhiteClock "0:01:23"]
[BlackClock "0:00:00"]
[Board "155"]

1. e4 c5 2. Nf3 d6 3. d4 cxd4 4. Nxd4 Nf6 5. Nc3 a6 6. Be3 e5 7. Nb3 Be6 8. Qd2 Be7 9. f4 exf4 10. Bxf4 Nc6 11. Nd4 Ne5 12. Nf5 Bxf5 13. exf5 O-O 14. O-O-O Qc7 15. Be2 b5 16. Nd5 Nxd5 17. Qxd5 Rac8 18. Rd2 Rfd8 19. g4 Nc4 20. Bxc4 Qxc4 21. Qxc4 Rxc4 22. Rf1 d5 23. b3 Re4 24. Kd1 Bb4 25. Re2 Rd4+ 26. Bd2 Bxd2 27. Rxd2 Rxg4 28. f6 gxf6 29. Rxf6 Kg7 30. Rxa6 d4 31. Ra5 b4 32. Rb5 Rg1+ 33. Ke2 Rg2+ 34. Kd3 Rxd2+ 35. Kxd2 Re8 36. Rxb4 Re4 37. a4 f5 38. a5 f4 39. Kd3 Re5 40. Rxd4 Rxa5 41. Rxf4 Kg6 42. b4 Ra1 43. c4 Kg5 44. Rf3 h5 45. Rg3+ Kf4 46. c5 h4 47. Rg8 Rb1 48. Kc4 Rb2 49. c6 Rxh2 50. b5 Rc2+ 51. Kd5 h3 52. Rh8 Kg3 53. b6 h2 54. b7 Rb2 55. Rxh2 1-0


[Site "https://www.chess.com"]